[Event "FIDE WCCC Open-10 2024"]
[Site "Montesilvano"]
[Date "2024.11.22"]
[Round "7.1"]
[White "Kolodziejczyk, Boris"]
[Black "Shogdzhiev, Roman"]
[Result "0-1"]
[Annotator "RC"]
[ECO "B51"]
[WhiteElo "2115"]
[BlackElo "2202"]
[PlyCount "103"]
[EventDate "2024.11.18"]
[EventType "swiss"]
[EventCountry "ITA"]
[SourceTitle "playchess.com"]
[Source "ChessBase"]
[SourceQuality "1"]
[TimeControl "5400+30"]

1. e4 c5 2. Nf3 d6 3. Bb5+ Nd7 4. O-O a6 5. Bd3 g6 6. c3 Bg7 7. Bc2 Ne5 8. Nxe5 dxe5 9. d3 Nf6 10. Be3 Qc7 11. h3 O-O 12. a4 b6 13. Na3 Rd8 14. Qc1 Nh5 15. Nc4 Be6 16. a5 b5 17. Nb6 Rab8 18. b4 Nf4 19. Qb2 cxb4 20. cxb4 Nxd3 21. Bxd3 Rxd3 22. Rfd1 Rxd1+ 23. Rxd1 f5 24. Qd2 fxe4 25. Nd5 Qb7 26. Bc5 Kf7 27. Nc3 h6 28. Qe3 Bf5 29. g4 Be6 30. Nxe4 Bd5 31. Ng3 Bf6 32. Qd3 e6 33. Qe3 Rd8 34. Kh2 Kg7 35. f3 Bxf3 36. Rxd8 Bxd8 37. Qxe5+ Bf6 38. Qxe6 Qf7 39. Qxf7+ Kxf7 40. Kg1 Ke6 41. Kf2 Bb7 42. Ke3 Bg5+ 43. Kd3 Bg2 44. Ne4 Bf4 45. Be3 Bxe4+ 46. Kxe4 Bxe3 47. Kxe3 Kd5 48. g5 hxg5 49. Kd3 g4 50. hxg4 g5 51. Kc3 Ke4 52. Kb3 0-1

[Event "FIDE WCCC Open-10 2024"]
[Site "Montesilvano"]
[Date "2024.11.22"]
[Round "7.1"]
[White "Roth, Elai"]
[Black "Lee, Yugeon"]
[Result "0-1"]
[Annotator "NA RC"]
[ECO "C56"]
[WhiteElo "1577"]
[BlackElo "1690"]
[PlyCount "54"]
[EventDate "2024.11.18"]
[EventType "swiss"]
[EventCountry "ITA"]
[SourceTitle "playchess.com"]
[Source "ChessBase"]
[SourceQuality "1"]
[TimeControl "5400+30"]

1. e4 e5 2. Nf3 Nc6 3. Bc4 Nf6 4. d4 exd4 5. O-O Bc5 6. e5 d5 7. exf6 dxc4 8. Re1+ Be6 9. Ng5 Qd5 10. Nc3 Qf5 11. Nce4 Bb6 12. g4 Qg6 13. f4 gxf6 14. f5 Qg7 15. Nxe6 fxe6 16. Nxf6+ Kd8 17. Rxe6 d3+ 18. Kh1 Nd4 19. Nh5 dxc2 20. Qg1 Qd7 21. Bg5+ Kc8 22. Re7 Nf3 23. Rxd7 Bxg1 24. Rg7 Nxg5 25. Kxg1 Rd8 26. Nf6 Rd1+ 27. Kf2 b6 0-1

[Event "FIDE WCCC Open-10 2024"]
[Site "Montesilvano"]
[Date "2024.11.22"]
[Round "7.2"]
[White "Llari, Marc"]
[Black "Ling, Chenxuan"]
[Result "1-0"]
[Annotator "RC"]
[ECO "D38"]
[WhiteElo "2201"]
[BlackElo "1967"]
[PlyCount "87"]
[EventDate "2024.11.18"]
[EventType "swiss"]
[EventCountry "ITA"]
[SourceTitle "playchess.com"]
[Source "ChessBase"]
[SourceQuality "1"]
[TimeControl "5400+30"]

1. d4 Nf6 2. c4 e6 3. Nf3 d5 4. Nc3 Bb4 5. Qa4+ Nc6 6. e3 O-O 7. Qc2 dxc4 8. Bxc4 Bd6 9. O-O e5 10. h3 exd4 11. exd4 h6 12. Re1 Na5 13. Bd3 Be6 14. Ne5 Nc6 15. Nxc6 bxc6 16. Bf5 Bxf5 17. Qxf5 Nd5 18. Bd2 Qf6 19. Qxf6 Nxf6 20. Na4 Rab8 21. Rac1 Nd5 22. Rxc6 Nb4 23. Bxb4 Rxb4 24. Ra6 Rxd4 25. Rxa7 Kh7 26. Nc3 Rb8 27. Re2 Rdb4 28. b3 Rd4 29. g3 f5 30. Kg2 f4 31. gxf4 Rxf4 32. Ne4 Be5 33. Ng5+ hxg5 34. Rxe5 Rbf8 35. Re2 g4 36. h4 c5 37. Rc7 R8f5 38. Rc2 Kh6 39. R7xc5 Rxf2+ 40. Rxf2 Rxc5 41. b4 Rc1 42. Rb2 Kh5 43. b5 Kxh4 44. b6 1-0

[Event "FIDE WCCC Open-10 2024"]
[Site "Montesilvano"]
[Date "2024.11.22"]
[Round "7.2"]
[White "Mariani, Kim Paul"]
[Black "Kaloh, Edvard"]
[Result "1-0"]
[Annotator "NA RC"]
[ECO "B07"]
[WhiteElo "1814"]
[BlackElo "1506"]
[PlyCount "71"]
[EventDate "2024.11.18"]
[EventType "swiss"]
[EventCountry "ITA"]
[SourceTitle "playchess.com"]
[Source "ChessBase"]
[SourceQuality "1"]
[TimeControl "5400+30"]

1. e4 c5 2. Nf3 g6 3. c3 Bg7 4. d4 cxd4 5. cxd4 Nf6 6. Nc3 d6 7. Bd3 Bg4 8. h3 Bxf3 9. Qxf3 Nc6 10. Be3 Rc8 11. Rd1 O-O 12. O-O Qa5 13. Rfe1 Nb4 14. Bb1 Rxc3 15. bxc3 Nxa2 16. Bxa2 Qxa2 17. Ra1 Qc4 18. Rxa7 Qxc3 19. Rc1 Qb4 20. e5 dxe5 21. dxe5 Ne4 22. Qd1 Nc3 23. Qe1 Nd5 24. Qxb4 Nxb4 25. Rxb7 Nd5 26. Bd4 e6 27. g3 Ra8 28. Rcb1 Bf8 29. Rd7 Ra4 30. Ba7 Nc3 31. Rbb7 Ra1+ 32. Kg2 Ne2 33. Rxf7 Rg1+ 34. Kf3 Nc3 35. Rfc7 Nd5 36. Rc8 1-0

[Event "FIDE WCCC Open-10 2024"]
[Site "Montesilvano"]
[Date "2024.11.22"]
[Round "7.3"]
[White "Anand, Tsogtbileg"]
[Black "Advik Amit Agrawal"]
[Result "0-1"]
[Annotator "NA RC"]
[ECO "E07"]
[WhiteElo "1974"]
[BlackElo "1982"]
[PlyCount "148"]
[EventDate "2024.11.18"]
[EventType "swiss"]
[EventCountry "ITA"]
[SourceTitle "playchess.com"]
[Source "ChessBase"]
[SourceQuality "1"]
[TimeControl "5400+30"]

1. Nf3 e6 2. g3 d5 3. Bg2 Nf6 4. O-O Be7 5. d4 O-O 6. c4 Nbd7 7. Nc3 dxc4 8. e3 c5 9. Qe2 a6 10. dxc5 Nxc5 11. Rd1 Qc7 12. Qxc4 b5 13. Qf4 Qxf4 14. exf4 Bb7 15. Ne5 Rac8 16. Be3 Bxg2 17. Kxg2 b4 18. Ne2 Rc7 19. Rac1 Rfc8 20. Rc4 Nd5 21. b3 f6 22. Nf3 Kf7 23. Rdc1 Nd3 24. Rxc7 Rxc7 25. Rxc7 Nxc7 26. Nc1 Nxc1 27. Bxc1 Nb5 28. Bb2 Bc5 29. g4 Bd6 30. f5 exf5 31. gxf5 Bc5 32. Ne1 a5 33. Nd3 Bb6 34. Kf3 Nd6 35. Kg4 Ba7 36. a3 bxa3 37. Bxa3 Ne4 38. b4 a4 39. Nb2 Nc3 40. f3 Nb5 41. Nc4 Bb8 42. Bc1 Bxh2 43. f4 Bg1 44. Na3 Nd6 45. Nc2 Bb6 46. Na3 Bd4 47. Nc2 Bc3 48. Kf3 h5 49. b5 Nxb5 50. Kg3 Nd6 51. Kh4 Nxf5+ 52. Kxh5 g6+ 53. Kg4 Ke6 54. Na3 Bb4 55. Nb5 Kd5 56. Nc7+ Ke4 57. Bb2 Nh6+ 58. Kh3 f5 59. Kh4 Be7+ 60. Kh3 a3 61. Bc1 a2 62. Bb2 Ng4 63. Nb5 Bb4 64. Bc3 Ne3 65. Kh4 Nd5 66. Bb2 Nxf4 67. Kg5 Be7+ 68. Kh6 g5 69. Nc3+ Kf3 70. Nxa2 g4 71. Bc1 Ne2 72. Bd2 g3 73. Ba5 Bc5 74. Bc7 f4 0-1

[Event "FIDE WCCC Open-10 2024"]
[Site "Montesilvano"]
[Date "2024.11.22"]
[Round "7.3"]
[White "Hochman, Gur"]
[Black "Gusev, Daniil Den"]
[Result "0-1"]
[Annotator "NA RC"]
[ECO "A08"]
[WhiteElo "1626"]
[BlackElo "1863"]
[PlyCount "71"]
[EventDate "2024.11.18"]
[EventType "swiss"]
[EventCountry "ITA"]
[SourceTitle "playchess.com"]
[Source "ChessBase"]
[SourceQuality "1"]
[TimeControl "5400+30"]

1. e4 e6 2. d3 c5 3. Nf3 Nc6 4. g3 Nf6 5. Bg2 d5 6. Nbd2 g6 7. O-O Bg7 8. Re1 O-O 9. c3 a5 10. e5 Nd7 11. d4 b6 12. Nf1 cxd4 13. cxd4 f6 14. exf6 Qxf6 15. Bg5 Qf7 16. Qd2 Nf6 17. Be3 Ne4 18. Qe2 Ba6 $17 19. Qd1 Nb4 20. N1d2 Nd6 21. Bf4 Qd7 22. Ng5 Rae8 23. Bxd6 Qxd6 24. Qb3 Bxd4 25. Bf3 h6 26. Nh3 Nd3 27. Red1 Qb4 28. Rab1 a4 29. Qxb4 Nxb4 30. Bg2 Bd3 31. Rbc1 Bxb2 32. Bf1 Bxc1 33. Rxc1 Bxf1 34. Kxf1 Nxa2 35. Rb1 Nc3 36. Ra1 0-1

[Event "FIDE WCCC Open-10 2024"]
[Site "Montesilvano"]
[Date "2024.11.22"]
[Round "7.4"]
[White "Sameh Mohamed, Abdalrahman"]
[Black "Nguyen Quang Anh"]
[Result "0-1"]
[Annotator "RC"]
[ECO "C02"]
[WhiteElo "2238"]
[BlackElo "1889"]
[PlyCount "86"]
[EventDate "2024.11.18"]
[EventType "swiss"]
[EventCountry "ITA"]
[SourceTitle "playchess.com"]
[Source "ChessBase"]
[SourceQuality "1"]
[TimeControl "5400+30"]

1. e4 e6 2. d4 d5 3. e5 c5 4. c3 Nc6 5. Nf3 Qb6 6. a3 cxd4 7. cxd4 Nh6 8. Bd3 Nf5 9. Bxf5 exf5 10. Nc3 Be6 11. O-O Be7 12. b4 h6 13. Bb2 g5 14. Na4 Qd8 15. Nd2 b5 16. Rc1 bxa4 17. Rxc6 Bd7 18. Rc5 Bxc5 19. dxc5 O-O 20. Nf3 a5 21. Nd4 axb4 22. axb4 Qb8 23. e6 Qxb4 24. exd7 Qxb2 25. c6 a3 26. c7 Rac8 27. d8=Q Rfxd8 28. cxd8=Q+ Rxd8 29. Qa1 Rb8 30. g3 a2 31. Kg2 Qb1 32. Rc1 Qe4+ 33. f3 Qb1 34. Nc2 Rb2 35. Kh3 Qxa1 36. Nxa1 Rb1 37. Rc8+ Kg7 38. Nc2 Rc1 39. Ra8 Rxc2 40. g4 d4 41. f4 d3 42. fxg5 hxg5 43. Ra5 d2 0-1

[Event "FIDE WCCC Open-10 2024"]
[Site "Montesilvano"]
[Date "2024.11.22"]
[Round "7.4"]
[White "Ismailov, Omarbek"]
[Black "Fattori Dittmar, Luca"]
[Result "1-0"]
[Annotator "NA RC"]
[ECO "E61"]
[WhiteElo "1625"]
[BlackElo "1766"]
[PlyCount "63"]
[EventDate "2024.11.18"]
[EventType "swiss"]
[EventCountry "ITA"]
[SourceTitle "playchess.com"]
[Source "ChessBase"]
[SourceQuality "1"]
[TimeControl "5400+30"]

1. d4 Nf6 2. Bf4 g6 3. e3 Bg7 4. Nf3 O-O 5. c4 d6 6. Nc3 Nbd7 7. Be2 Qe8 8. h3 e5 9. dxe5 dxe5 10. Bh2 Qe7 11. O-O c6 12. Qc2 Ne8 13. Rfd1 f5 14. a3 e4 15. Nd4 Be5 16. b4 Bxh2+ 17. Kxh2 Ne5 18. c5 Ng7 19. a4 Ne6 20. Kh1 Kh8 21. Qb2 Nxd4 22. exd4 Nf7 23. d5 Kg8 24. Bc4 Qh4 25. b5 e3 26. Ba2 f4 27. Ne4 f3 28. Nf6+ Kg7 29. Ne8+ Kh6 30. Qg7+ Kg5 31. Qf6+ Kh5 32. Ng7+ 1-0

[Event "FIDE WCCC Open-10 2024"]
[Site "Montesilvano"]
[Date "2024.11.22"]
[Round "7.5"]
[White "Fuentes de Nova, Sebastian"]
[Black "Zuo, Junyu"]
[Result "1/2-1/2"]
[Annotator "RC"]
[ECO "D10"]
[WhiteElo "1929"]
[BlackElo "2120"]
[PlyCount "100"]
[EventDate "2024.11.18"]
[EventType "swiss"]
[EventCountry "ITA"]
[SourceTitle "playchess.com"]
[Source "ChessBase"]
[SourceQuality "1"]
[TimeControl "5400+30"]

1. d4 d5 2. c4 c6 3. Nc3 Nf6 4. cxd5 cxd5 5. Bg5 Ne4 6. Nxe4 dxe4 7. Qd2 Qd5 8. Bf4 Nc6 9. a3 Na5 10. Qc3 Nb3 11. Rd1 Bd7 12. e3 Rc8 13. Bc7 e6 14. Bc4 Rxc7 15. Bxb3 Rxc3 16. Bxd5 Rc2 17. Bxe4 Rxb2 18. Nf3 Bb5 19. Bd3 Bxd3 20. Rxd3 Bxa3 21. Rxa3 Rb1+ 22. Ke2 Rxh1 23. Rxa7 O-O 24. Rxb7 Ra1 25. Ne5 f6 26. Nd7 Rc8 27. Nc5 e5 28. Ne6 e4 29. Rxg7+ Kh8 30. Rc7 Ra2+ 31. Ke1 Rb8 32. Rc1 Kg8 33. Nf4 Rbb2 34. Nh3 Kf7 35. Kf1 Kg6 36. Kg1 Kf5 37. Rf1 h5 38. Nf4 h4 39. Rc1 Rc2 40. Rb1 Kg5 41. Rf1 Kh6 42. h3 f5 43. Nd5 Rab2 44. Nf4 Kg7 45. Nd5 Kf7 46. Nf4 Rd2 47. Nd5 Rb5 48. Nf4 Rbb2 49. Nd5 Ke6 50. Nf4+ Kf7 1/2-1/2

[Event "FIDE WCCC Open-10 2024"]
[Site "Montesilvano"]
[Date "2024.11.22"]
[Round "7.5"]
[White "Santoro, Marco Antonio"]
[Black "Della Penna, Leonardo"]
[Result "1/2-1/2"]
[Annotator "NA RC"]
[ECO "D02"]
[WhiteElo "1765"]
[BlackElo "1675"]
[PlyCount "44"]
[EventDate "2024.11.18"]
[EventType "swiss"]
[EventCountry "ITA"]
[SourceTitle "playchess.com"]
[Source "ChessBase"]
[SourceQuality "1"]
[TimeControl "5400+30"]

1. d4 d5 2. Nf3 Nf6 3. Bf4 Bf5 4. e3 e6 5. Bd3 Bxd3 6. cxd3 Bd6 7. Bxd6 cxd6 8. Nc3 a6 9. O-O O-O 10. Qa4 Qd7 11. Qxd7 Nbxd7 12. Rac1 Rac8 13. Ne2 Nb6 14. Rfd1 Rxc1 15. Rxc1 Rc8 16. Rxc8+ Nxc8 17. h3 Kf8 18. Kf1 b5 19. Nd2 Ke7 20. f4 Nb6 21. b3 h6 22. Ke1 Kd7 1/2-1/2

[Event "FIDE WCCC Open-10 2024"]
[Site "Montesilvano"]
[Date "2024.11.22"]
[Round "7.6"]
[White "Meitzner, Jonathan Franz"]
[Black "Zhu, Linxi"]
[Result "0-1"]
[Annotator "RC"]
[ECO "D00"]
[WhiteElo "1876"]
[BlackElo "2100"]
[PlyCount "104"]
[EventDate "2024.11.18"]
[EventType "swiss"]
[EventCountry "ITA"]
[SourceTitle "playchess.com"]
[Source "ChessBase"]
[SourceQuality "1"]
[TimeControl "5400+30"]

1. d4 Nf6 2. Bf4 d5 3. e3 c5 4. c3 Qb6 5. Qb3 c4 6. Qc2 g6 7. Nf3 Bf5 8. Qc1 Bg7 9. Nbd2 O-O 10. Be2 Nc6 11. O-O Rac8 12. Re1 Nd7 13. e4 dxe4 14. Nxc4 Qd8 15. Nfd2 b5 16. d5 bxc4 17. dxc6 Rxc6 18. Nxc4 e5 19. Be3 Be6 20. Na3 a6 21. Nc2 a5 22. Bb5 Rc8 23. Qd2 Qc7 24. Bh6 Nc5 25. Bxg7 Kxg7 26. Qe2 Rfd8 27. Rad1 f5 28. Na3 a4 29. Bc4 Bxc4 30. Qxc4 Nd3 31. Qxc7+ Rxc7 32. Re2 Rb8 33. Rb1 Rd7 34. Rd2 Kf6 35. h3 Ke6 36. Rc2 Rdb7 37. Nc4 Kd5 38. Ne3+ Kc5 39. Nd1 h5 40. Rd2 Kc6 41. f3 Nc5 42. fxe4 Nxe4 43. Rd3 Nc5 44. Rg3 Rg7 45. c4 f4 46. Rf3 g5 47. Ra3 Rgb7 48. Kf2 Rb4 49. Rc1 e4 50. Ke2 g4 51. hxg4 hxg4 52. g3 Nd3 0-1

[Event "FIDE WCCC Open-10 2024"]
[Site "Montesilvano"]
[Date "2024.11.22"]
[Round "7.7"]
[White "Zhang, Junyi"]
[Black "Li, Weilong"]
[Result "1-0"]
[Annotator "NA RC"]
[ECO "C02"]
[WhiteElo "2061"]
[BlackElo "1735"]
[PlyCount "221"]
[EventDate "2024.11.18"]
[EventType "swiss"]
[EventCountry "ITA"]
[SourceTitle "playchess.com"]
[Source "ChessBase"]
[SourceQuality "1"]
[TimeControl "5400+30"]

1. e4 e6 2. d4 d5 3. e5 c5 4. c3 Nc6 5. Nf3 Bd7 6. Be2 Rc8 7. O-O a6 8. a3 Nge7 9. dxc5 Ng6 10. b4 Ngxe5 11. Nd4 Be7 12. Be3 O-O $11 13. Nd2 Ng6 14. f4 e5 15. Nxc6 Bxc6 16. fxe5 Nxe5 17. Nf3 Nxf3+ 18. Bxf3 Qd7 19. Qd2 Rcd8 20. Bd4 f5 21. Rae1 Bb5 22. Bxd5+ Qxd5 23. Rxe7 Rd7 24. Rfe1 f4 25. Rxd7 Qxd7 26. Qa2+ Rf7 27. Qe6 Qxe6 28. Rxe6 f3 29. g3 Rd7 30. Kf2 Kf7 31. Re1 Be2 32. a4 Re7 33. Be3 Re4 34. Rb1 Ke6 35. Rb2 Bd1 36. b5 Rxa4 37. c6 b6 38. c7 Rc4 39. bxa6 Rxc7 40. Rxb6+ Kd7 41. Rb2 Ba4 42. Kxf3 Rxc3 43. a7 Bc6+ 44. Kf2 Ra3 45. Rd2+ Ke8 46. Bc5 Ra4 47. Re2+ Kf7 48. Re7+ Kf6 49. Rc7 Bd5 50. Ke3 g6 51. Rxh7 Re4+ 52. Kd3 Ra4 53. Rd7 Bh1 54. Kc3 Ra5 55. Kb4 Ra2 56. Rd1 Bg2 57. Kb5 g5 58. Kb6 g4 59. Kc7 Rc2 60. Kd6 Ra2 61. Bd4+ Kf5 62. Ra1 Rd2 63. Kc5 Rc2+ 64. Kb4 Rc8 65. Bc5 Bf3 66. Bd6 Ba8 67. Rf1+ Ke6 68. Bb8 Kd5 69. Rf5+ Ke6 70. Rg5 Rh8 71. Rxg4 Rxh2 72. Bf4 Rb2+ 73. Ka3 Rb1 74. Be3 Ra1+ 75. Kb2 Ra5 76. Rg8 Bd5 77. Rd8 Ra2+ 78. Kb1 Ra3 79. g4 Be4+ 80. Kb2 Rxe3 81. Re8+ Kf6 82. Rxe4 Rxe4 83. a8=Q Rxg4 84. Qf8+ Ke5 85. Kc3 Rg3+ 86. Kc4 Rg4+ 87. Kc5 Re4 88. Qf7 Re3 89. Qe7+ Kf4 90. Qd6+ Ke4 91. Qd5+ Kf4 92. Kd4 Rf3 93. Qh5 Rg3 94. Qf7+ Kg4 95. Ke4 Kh3 96. Qh5+ Kg2 97. Kf4 Rh3 98. Qe2+ Kg1 99. Qe1+ Kg2 100. Qd2+ Kg1 101. Kg4 Rh2 102. Qd1+ Kf2 103. Qd2+ Kg1 104. Qe1+ Kg2 105. Qe5 Kg1 106. Qe4 Rg2+ 107. Kh3 Rh2+ 108. Kg3 Rf2 109. Qe3 Kh1 110. Qe1+ Rf1 111. Qxf1# 1-0

[Event "FIDE WCCC Open-10 2024"]
[Site "Montesilvano"]
[Date "2024.11.22"]
[Round "7.7"]
[White "Schettini Acuna, Massimo Matteo"]
[Black "Yrysov, Timur"]
[Result "0-1"]
[Annotator "NA RC"]
[ECO "B56"]
[WhiteElo "1703"]
[BlackElo "1604"]
[PlyCount "134"]
[EventDate "2024.11.18"]
[EventType "swiss"]
[EventCountry "ITA"]
[SourceTitle "playchess.com"]
[Source "ChessBase"]
[SourceQuality "1"]
[TimeControl "5400+30"]

1. e4 c5 2. Nf3 d6 3. d4 cxd4 4. Nxd4 Nf6 5. Nc3 e5 6. Bb5+ Nbd7 7. Nde2 a6 8. Bxd7+ Bxd7 9. Bg5 Be7 10. Bxf6 gxf6 11. Ng3 Rc8 12. O-O b5 13. Nd5 Be6 14. b4 Bxd5 15. Qxd5 Qc7 16. h3 Qc6 17. Qxc6+ Rxc6 18. Rac1 Kd7 19. Rfd1 Rhc8 20. Rd2 Rc4 21. c3 Rxc3 22. Rxc3 Rxc3 23. f3 Rc4 24. a3 Rc3 25. Ra2 Bd8 26. Nf5 Bb6+ 27. Kf1 Rc1+ 28. Ke2 Rg1 29. Kd3 Rc1 30. a4 Rb1 31. axb5 axb5 32. Ra6 Bc7 33. Kc3 Rc1+ 34. Kb2 Rg1 35. Ne3 Re1 36. Nf5 Re2+ 37. Kc3 Rxg2 38. Ra7 Rf2 39. Nh4 Rh2 40. Ra8 Rxh3 41. Nf5 Rxf3+ 42. Kc2 h5 43. Rf8 Rf2+ 44. Kd3 Rh2 45. Rxf7+ Kc8 46. Rxf6 Rh1 47. Kd2 h4 48. Nxd6+ Bxd6 49. Rxd6 h3 50. Rh6 h2 51. Ke2 Ra1 52. Rh8+ Kd7 53. Rh7+ Ke8 54. Rh8+ Kf7 55. Rh7+ Kg8 56. Rxh2 Ra2+ 57. Kf3 Rxh2 58. Kg4 Rb2 59. Kf5 Rxb4 60. Kxe5 Rc4 61. Kd5 Rc1 62. e5 b4 63. e6 b3 64. e7 Re1 65. e8=N Rxe8 66. Kc4 b2 67. Kc3 b1=Q 0-1

[Event "FIDE WCCC Open-10 2024"]
[Site "Montesilvano"]
[Date "2024.11.22"]
[Round "7.8"]
[White "Perez Solanas, Hugo"]
[Black "Xia, Joshua"]
[Result "0-1"]
[Annotator "NA RC"]
[ECO "B90"]
[WhiteElo "1824"]
[BlackElo "2052"]
[PlyCount "92"]
[EventDate "2024.11.18"]
[EventType "swiss"]
[EventCountry "ITA"]
[SourceTitle "playchess.com"]
[Source "ChessBase"]
[SourceQuality "1"]
[TimeControl "5400+30"]

1. e4 c5 2. Nf3 d6 3. d4 cxd4 4. Nxd4 Nf6 5. Nc3 a6 6. f3 e5 7. Nb3 h5 8. Be3 Be6 9. Nd5 Nbd7 10. Qd2 Bxd5 11. exd5 Nb6 12. c4 g6 13. Qb4 Nfd7 14. Bd3 Qc7 15. O-O Bg7 16. Bg5 $14 (16. a4 $16) 16... Nc5 17. Nxc5 Qxc5+ 18. Qxc5 dxc5 19. Rfe1 Kd7 20. Rab1 Kc7 21. Bd2 Nd7 22. a4 a5 23. Bc3 b6 24. Rbd1 Kd6 25. Re2 Rae8 26. h3 Re7 27. Rde1 f5 28. b3 h4 29. Bd2 Bh6 30. Bxh6 Rxh6 31. Kf2 Nf6 32. f4 e4 33. Bc2 Nh5 34. Ke3 g5 35. fxg5 Rg6 36. Rf2 Rxg5 37. Ref1 f4+ 38. Rxf4 Rg3+ 39. Ke2 Nxf4+ 40. Rxf4 Rxg2+ 41. Kd1 e3 42. Be4 Rd2+ 43. Ke1 Rd4 44. Rf6+ Ke5 45. d6 Kxf6 46. dxe7 Rxe4 0-1

[Event "FIDE WCCC Open-10 2024"]
[Site "Montesilvano"]
[Date "2024.11.22"]
[Round "7.8"]
[White "Kostyukovich, Ivan"]
[Black "Yao, Lucas Mason Pin Qian"]
[Result "0-1"]
[Annotator "NA RC"]
[ECO "B13"]
[WhiteElo "1489"]
[BlackElo "1687"]
[PlyCount "80"]
[EventDate "2024.11.18"]
[EventType "swiss"]
[EventCountry "ITA"]
[SourceTitle "playchess.com"]
[Source "ChessBase"]
[SourceQuality "1"]
[TimeControl "5400+30"]

1. d4 d5 2. Bf4 c5 3. e3 cxd4 4. exd4 Nc6 5. c3 Bf5 6. Nd2 e6 7. Ngf3 h6 8. Bb5 Qb6 9. Qa4 a6 10. Bxc6+ Qxc6 11. Qxc6+ bxc6 12. O-O Nf6 13. Nb3 Nd7 14. Na5 c5 15. Ne5 Nxe5 16. Bxe5 f6 17. Bg3 O-O-O 18. dxc5 Bxc5 19. Nb3 Bb6 20. Nd4 Bxd4 21. cxd4 Kd7 22. Rac1 Rc8 23. Rc5 Rxc5 24. dxc5 Kc6 25. Bd6 e5 26. Rc1 d4 27. f3 Kd5 28. Kf2 Bd3 29. Ke1 Bb5 30. Kd2 f5 31. b3 e4 32. fxe4+ fxe4 33. a4 e3+ 34. Ke1 d3 35. Rc3 d2+ 36. Kd1 Re8 37. Bg3 Kd4 38. Rc4+ Bxc4 39. bxc4 Kd3 40. Bb8 e2# 0-1

[Event "FIDE WCCC Open-10 2024"]
[Site "Montesilvano"]
[Date "2024.11.22"]
[Round "7.9"]
[White "Bolashakov, Nurali"]
[Black "Jani, Aakash"]
[Result "1-0"]
[Annotator "NA RC"]
[ECO "C60"]
[WhiteElo "2005"]
[BlackElo "1810"]
[PlyCount "147"]
[EventDate "2024.11.18"]
[EventType "swiss"]
[EventCountry "ITA"]
[SourceTitle "playchess.com"]
[Source "ChessBase"]
[SourceQuality "1"]
[TimeControl "5400+30"]

1. e4 e5 2. Nf3 Nc6 3. Bb5 Nge7 4. Nc3 a6 5. Bc4 Ng6 6. h4 h6 7. h5 Nge7 8. d3 d6 9. a3 Bg4 10. Rh4 Be6 11. Bxe6 fxe6 12. Ne2 Qd7 $11 13. b3 O-O-O 14. Bb2 Ng8 15. Ng3 Nf6 16. Qe2 Be7 17. O-O-O Rde8 18. Kb1 d5 19. Rh3 Bd6 20. d4 dxe4 21. Nxe5 Bxe5 22. dxe5 Nd5 23. Nxe4 Qf7 24. Qg4 Kb8 25. Rf3 Qe7 26. c4 Nb6 27. Qg6 Rhf8 28. Rg3 Rf5 29. Qxg7 Qxg7 30. Rxg7 Nxe5 31. g4 Rf4 32. Bxe5 Rxe4 33. Bxc7+ Ka7 34. Bxb6+ Kxb6 35. Rdd7 Rb8 36. Kc2 Re2+ 37. Rd2 Re4 38. f3 Re3 39. Rd3 Re5 40. Rf7 Rc8 41. Rdd7 Rb8 42. Kc3 a5 43. b4 axb4+ 44. axb4 Ka7 45. c5 Ka6 46. Rd6+ Ka7 47. Rd2 Re3+ 48. Kc4 Ra3 49. c6 Kb6 50. Rxb7+ Rxb7 51. cxb7 Kxb7 52. Rd3 Ra8 53. Kb5 Rc8 54. Rd7+ Kb8 55. Kb6 Ka8 56. b5 Kb8 57. Re7 Ka8 58. Ka6 Kb8 59. b6 Rf8 60. Rxe6 Ka8 61. Rxh6 Rg8 62. Rc6 Rb8 63. Rc8 Rxc8 64. b7+ Kb8 65. bxc8=Q+ Kxc8 66. h6 Kc7 67. h7 Kd7 68. h8=Q Ke7 69. Qe5+ Kf8 70. Qf6+ Ke8 71. Qg7 Kd8 72. Kb7 Ke8 73. Kc6 Kd8 74. Qf8# 1-0

[Event "FIDE WCCC Open-10 2024"]
[Site "Montesilvano"]
[Date "2024.11.22"]
[Round "7.9"]
[White "Friscic, Jakov"]
[Black "Chen, Pin-Jui"]
[Result "0-1"]
[Annotator "NA RC"]
[ECO "D13"]
[WhiteElo "1685"]
[BlackElo "1505"]
[PlyCount "120"]
[EventDate "2024.11.18"]
[EventType "swiss"]
[EventCountry "ITA"]
[SourceTitle "playchess.com"]
[Source "ChessBase"]
[SourceQuality "1"]
[TimeControl "5400+30"]

1. d4 d5 2. c4 c6 3. cxd5 cxd5 4. Nc3 Nf6 5. Bf4 e6 6. e3 Bd6 7. Bxd6 Qxd6 8. Nf3 Nc6 9. a3 O-O 10. Bd3 b6 11. O-O Bb7 12. Rc1 Rfe8 13. Nb5 Qe7 14. Ne5 Rec8 15. Nxc6 Rxc6 16. Rxc6 Bxc6 17. Qc2 Qd7 18. Nc3 Rc8 19. Rc1 h6 20. Ba6 Bb7 21. Bxb7 Qxb7 22. f3 a6 23. Qd2 b5 24. Ne2 Ne8 25. Rxc8 Qxc8 26. Qc3 Qb7 27. Qc5 g6 28. b4 Kg7 29. Nc1 h5 30. Nb3 f6 31. Kf2 Kf7 32. Na5 Qd7 33. Ke2 Nc7 34. Nc6 Ke8 35. Nb8 Qc8 36. Qc6+ Kf8 37. Nd7+ Ke7 38. Nc5 Kd8 39. Kd3 g5 40. e4 dxe4+ 41. fxe4 g4 42. g3 f5 43. e5 Ke7 44. Ke3 Nd5+ 45. Qxd5 exd5 46. Kf4 Kf7 47. Kg5 Qg8+ 48. Kxf5 Qg6+ 49. Kf4 Qh6+ 50. Kf5 Qd2 51. e6+ Ke7 52. Nxa6 Qxh2 53. Nc7 Qc2+ 54. Kg5 Qxc7 55. Kxh5 Qxg3 56. a4 Qf3 57. axb5 g3+ 58. Kh4 g2 59. b6 g1=R 60. b7 Qg4# 0-1

[Event "FIDE WCCC Open-10 2024"]
[Site "Montesilvano"]
[Date "2024.11.22"]
[Round "7.10"]
[White "Tulegen, Ramazan"]
[Black "Zhauynbay, Alimzhan"]
[Result "1/2-1/2"]
[Annotator "NA RC"]
[ECO "E73"]
[WhiteElo "1818"]
[BlackElo "1953"]
[PlyCount "120"]
[EventDate "2024.11.18"]
[EventType "swiss"]
[EventCountry "ITA"]
[SourceTitle "playchess.com"]
[Source "ChessBase"]
[SourceQuality "1"]
[TimeControl "5400+30"]

1. d4 Nf6 2. c4 g6 3. Nc3 Bg7 4. e4 d6 5. Be2 O-O 6. Be3 e5 7. d5 Na6 8. h4 Nc5 9. Qc2 a5 10. h5 c6 11. h6 Bh8 12. Bxc5 dxc5 13. O-O-O cxd5 14. cxd5 Bd7 15. Nf3 $14 Ng4 16. Bb5 Bxb5 17. Nxb5 a4 18. d6 Qb6 19. Na3 Rfd8 20. Nc4 Qa6 21. d7 b5 22. Ne3 Nxe3 23. fxe3 c4 24. Qc3 a3 25. bxa3 Qxa3+ 26. Qxa3 Rxa3 27. Rd5 Rxa2 28. Rxb5 Ra1+ 29. Rb1 Rxb1+ 30. Kxb1 Rxd7 31. Kc2 f5 32. Rb1 Bf6 33. Nd2 c3 34. Kxc3 Bg5 35. Nc4 Bxh6 36. Rb8+ Kg7 37. Nxe5 Re7 38. Rb5 Bxe3 39. exf5 gxf5 40. Nf3 Kf6 41. Ra5 Bf2 42. Ra6+ Re6 43. Rxe6+ Kxe6 44. Ng5+ Ke5 45. Kd3 h5 46. Ke2 Ba7 47. Kf3 h4 48. g3 hxg3 49. Kxg3 Be3 50. Nf3+ Ke4 51. Nh4 f4+ 52. Kg4 Bc5 53. Nf3 Bb4 54. Ng1 Ke3 55. Nf3 Bc3 56. Nh4 Ke4 57. Nf3 Bf6 58. Nd2+ Kd3 59. Kxf4 Bg5+ 60. Kxg5 Kxd2 1/2-1/2

[Event "FIDE WCCC Open-10 2024"]
[Site "Montesilvano"]
[Date "2024.11.22"]
[Round "7.10"]
[White "Makhsatuly, Rakhim"]
[Black "Wu, Chenyu"]
[Result "1-0"]
[Annotator "NA RC"]
[ECO "C84"]
[WhiteElo "1683"]
[BlackElo "1503"]
[PlyCount "95"]
[EventDate "2024.11.18"]
[EventType "swiss"]
[EventCountry "ITA"]
[SourceTitle "playchess.com"]
[Source "ChessBase"]
[SourceQuality "1"]
[TimeControl "5400+30"]

1. e4 e5 2. Nf3 Nc6 3. Bb5 a6 4. Ba4 Nf6 5. d3 b5 6. Bb3 Be7 7. O-O O-O 8. a4 b4 9. c3 d6 10. Nbd2 a5 11. Re1 Be6 12. Bxe6 fxe6 13. Nf1 Nh5 14. d4 bxc3 15. bxc3 exd4 16. cxd4 d5 17. e5 Nf4 18. Bxf4 Rxf4 19. Qc1 Rxf3 20. Qxc6 Rf4 21. Qxe6+ Kh8 22. Red1 Rb8 23. Ne3 Rb2 24. f3 Bh4 25. Qxd5 Qxd5 26. Nxd5 Bf2+ 27. Kf1 Rxd4 28. e6 Rxd1+ 29. Rxd1 Kg8 30. Nxc7 Bh4 31. g3 Bf6 32. Nd5 Rxh2 33. Nxf6+ gxf6 34. Rd8+ Kg7 35. e7 Rh1+ 36. Kf2 Rh2+ 37. Kg1 Re2 38. e8=Q Rxe8 39. Rxe8 Kf7 40. Ra8 Ke7 41. Rxa5 Ke6 42. Rb5 f5 43. a5 f4 44. a6 fxg3 45. a7 g2 46. a8=Q Kf6 47. Qc6+ Kf7 48. Ra5 1-0